 Dungeon Crawl Stone Soup version 0.28-a0-1339-ga5422284a4 (webtiles) character file.

Game seed: 10635157737672733610

53 mcbry74 the Ruffian (level 3, -5/36 HPs)
             Began as a Troll Berserker on Dec 28, 2021.
             Was a Believer of Trog.
             Slain by Sigmund (12 damage)
             ... on level 2 of the Dungeon.
             The game lasted 00:04:13 (914 turns).

mcbry74 the Ruffian (Troll Berserker)                Turns: 914, Time: 00:04:13

Health: -5/36      AC:  4    Str: 25    XL:     3   Next: 62%
Magic:  2/2        EV: 10    Int:  5    God:    Trog [**....]
Gold:   35         SH:  0    Dex:  9    Spells: 2/2 levels left

rFire   . . .      SeeInvis .     - Unarmed
rCold   . . .      Faith    .   (no shield)
rNeg    . . .      Spirit   .   a - +0 animal skin
rPois   .          Reflect  .   (helmet restricted)
rElec   .          Harm     .   (no cloak)
rCorr   .          Rampage  .   (gloves unavailable)
Will    .....                   (boots unavailable)
Stlth   +.........              (no amulet)
HPRegen 0.92/turn               (no ring)
MPRegen 0.08/turn               (no ring)

@: lethally poisoned (-5 -> -7), on berserk cooldown, slowed, very slow
A: large, unfitting armour, claws 3, regeneration 1, shaggy fur 1, tough skin 1
a: Renounce Religion, Berserk, Trog's Hand


You were on level 2 of the Dungeon.
You worshipped Trog.
Trog was pleased with you.
You visited 1 branch of the dungeon, and saw 2 of its levels.

You collected 63 gold pieces.
You spent 28 gold pieces at shops.

Inventory:

Missiles
 c - 6 boomerangs (quivered)
 g - 5 large rocks
 n - 17 poisoned darts
Armour
 a - a +0 animal skin (worn)
Wands
 o - a wand of flame (9)
Scrolls
 b - 2 scrolls of fog {unknown}
 d - a scroll of acquirement {unknown}
 h - a scroll of brand weapon {unknown}
 j - a scroll of identify
 m - a scroll of vulnerability {unknown}
 p - a scroll of immolation {unknown}
Potions
 e - a potion of berserk rage {unknown}
 f - a potion of curing {unknown}
 i - 2 potions of flight {unknown}
 k - a potion of attraction {unknown}
 l - 2 potions of might {unknown}


   Skills:
 - Level 2.4 Fighting
 - Level 2.4 Dodging
 + Level 4.7 Unarmed Combat


You had 2 spell levels left.
You didn't know any spells.
Your spell library was empty.

Dungeon Overview and Level Annotations

Branches:
Dungeon (2/15)

Altars:

Shops:
D:2 =?

Annotations:
D:2 Sigmund


Innate Abilities, Weirdness & Mutations

You are too large for most types of armour.
You have claws for hands.
Your natural rate of healing is unusually fast.
You are covered in fur. (AC +1)
You have tough skin. (AC +1)


Message History

HP restored.
Sigmund the Dreaded comes into view.
He is wielding a +0 scythe of venom.
p - a scroll labelled JOPOTATT BONU
There are no items here.
Sigmund shouts!
A red film seems to cover your vision as you go berserk!
You feel yourself moving faster!
You feel mighty!
You feel a strong urge to attack something.
Sigmund closely misses you.
You barely miss Sigmund. You barely miss Sigmund.
Sigmund mumbles some strange words.
Sigmund flickers and vanishes!
Deactivating autopickup; reactivate with Ctrl-A.
You barely miss something. You claw something! Your claw misses something.
You hear some strange, mumbled words.
You are confused.
You're too confused to move!
Something hits you.
You are poisoned.
You miss something.
You feel sick.
You barely miss something.
You feel sick.
You closely miss something.
You feel sick.
A giant cockroach comes into view.
Something hits you!
You feel sick.
You miss something.
You feel sick. Something hits you!
You are more poisoned.
You are no longer berserk.
You are exhausted.
You feel yourself slow down.
You feel sick.
A bat comes into view.
The giant cockroach waves its antennae.
You feel less confused.
You feel very sick. Something hits you.
* * * LOW HITPOINT WARNING * * *
You feel very sick. The giant cockroach barely misses you. Something hits you!
You die...

≈≈ ........ ≈. ≈≈≈
...... ≈≈≈
≈≈.###....###b≈≈
≈≈≈≈#......#≈≈≈
≈≈........≈≈≈ #..
#......# #.. ##....##
###.. #....B.# #....
####....@.########
#....
#........#..)....#
.....
##.....#.#..#.##.# #..
##.........#.##.# ##..
##..........##.# #...
#.###.#.#..##)# #...
#.# #.#.......# #.#.
... ..#.......#####.##
.#.#....^.......##.#.##


You could see a giant cockroach.

Vanquished Creatures
  Terence (D:2)
  3 ball pythons
  2 endoplasms
  A giant cockroach (D:2)
  4 goblins
  A hobgoblin (D:2)
  5 kobolds (D:2)
  3 quokkas (D:1)
  2 frilled lizards (D:2)
  5 rats (D:1)
27 creatures vanquished.

Vanquished Creatures (others)
  12 plants (D:2)
12 creatures vanquished.

Grand Total: 39 creatures vanquished

Notes
Turn   | Place    | Note
-------+----------+-------------------------------------------
     0 | D:1      | mcbry74 the Troll Berserker began the quest for the Orb.
     0 | D:1      | Reached XP level 1. HP: 22/22 MP: 0/0
    13 | D:1      | Found a faded altar of an unknown god.
    93 | D:1      | Reached XP level 2. HP: 29/29 MP: 1/1
   626 | D:2      | Found Velikk's Magic Scroll Shop.
   631 | D:2      | Bought a scroll of identify for 28 gold pieces
   632 | D:2      | Found Coply's Jewellery Boutique.
   641 | D:2      | Reached skill level 4 in Unarmed Combat
   686 | D:2      | Reached ** piety under Trog
   855 | D:2      | Noticed Terence
   869 | D:2      | Killed Terence
   870 | D:2      | Reached XP level 3. HP: 22/36 MP: 2/2
   892 | D:2      | Noticed Sigmund
   914 | D:2      | Slain by Sigmund

Illustrated notes

Levels and vault maps discovered:
D:1:      minmay_arrival_diagonal_passages, layout_loops_ring,
          ebering_ecumenical_altar_hall
D:2:      wad_lake_hut, layout_loops_cross, serial_shops, shop, shop, shop,
          minmay_tetromino_l4, uniq_terence, uniq_crazy_yiuf_cottage,
          uniq_sigmund

Skill      XL: |  1  2 |
---------------+-------+-----
Unarmed Combat | 4 |  4.7
Fighting       | |  2.4
Dodging        | |  2.4

Action                   || total
-------------------------++-------
Melee: Unarmed           ||    57
       Punch             ||     1
Invok: Berserk           ||     1
 Stab: Sleeping          ||     1
Armor: Animal skin       ||    16
Dodge: Dodged            ||    23

Table legend: (Time is in decaauts)
 A = Elapsed time spent in this place.
 B = Non-inter-level travel time spent in this place.
 C = Inter-level travel time spent in this place.
 D = Time resting spent in this place.
 E = Time spent auto-exploring this place.
 F = Levels seen in this place.
 G = Mean time per level.
                   A        B        C        D        E       F      G
               +--------+--------+--------+--------+--------+-----+--------+
         Total |    906 |    875 |     31 |     20 |    629 |   2 |  453.0 |
       Dungeon |    906 |    875 |     31 |     20 |    629 |   2 |  453.0 |
               +--------+--------+--------+--------+--------+-----+--------+

Top non-repeatable levels by time:
     D:1: 583 daAuts
     D:2: 323 daAuts
